 Dungeon Crawl Stone Soup version 0.18-a0-1774-gce1f7b6 (webtiles) character file.

6605 Ijustatesigmund the Grappler (level 10, -4/106 HPs)
             Began as a Troll Hunter on Apr 15, 2016.
             Was an Elder of Okawaru.
             Slain by a wyvern (9 damage)
             ... on level 10 of the Dungeon.
             The game lasted 00:17:21 (7397 turns).

Ijustatesigmund the Grappler (Troll Hunter)         Turns: 7397, Time: 00:17:22

Health: -4/106     AC:  5    Str: 24    XL:     10   Next: 71%
Magic:  0/9        EV:  9    Int:  7    God:    Okawaru [****..]
Gold:   587        SH:  0    Dex: 13    Spells: 0 memorised, 9 levels left

rFire  + . .     SeeInvis .       - Unarmed
rCold  . . .     Gourm    +     H - troll hide
rNeg   . . .     Faith    .     (no shield)
rPois  .         Spirit   +     v - +0 hat "Boutibla" {rF+ rC- rCorr Str+2} (curse)
rElec  .         Dismiss  .     (no cloak)
rCorr  +         Reflect  .     (gloves unavailable)
SustAt .         Harm     .     (boots unavailable)
MR     .....                    e - amulet of guardian spirit
Stlth  +.........               A - ring of protection from fire
                                q - ring of ice

@: not resistant to hostile enchantments, very unstealthy
A: unfitting armour, claws 3, fast metabolism 3, gourmand, regeneration 2,
shaggy fur 1, tough skin 2
a: Heroism, Renounce Religion


You were on level 10 of the Dungeon.
You worshipped Okawaru.
Okawaru was greatly pleased with you.
You were very full.

You visited 2 branches of the dungeon, and saw 11 of its levels.
You also visited: Ossuary.

You collected 587 gold pieces.

Inventory:

Hand Weapons
 d - a cursed -2 flail
 p - a +0 flail of holy wrath
Missiles
 c - 5 large rocks (quivered)
 y - a throwing net
Armour
 b - a +0 robe
 v - the cursed +0 hat "Boutibla" (worn) {rF+ rC- rCorr Str+2}
   (You found it on level 6 of the Dungeon)

   It affects your strength (+2).
   It protects you from fire.
   It makes you vulnerable to cold.
   It protects you from acid and corrosion.
   It has a curse placed upon it.
 H - a troll hide (worn)
Jewellery
 e - an amulet of guardian spirit (around neck)
 q - a ring of ice (left claw)
 A - a ring of protection from fire (right claw)
Wands
 i - a wand of flame (14/48)
 o - a wand of random effects (10/48)
 z - a wand of acid (5/15)
 C - a wand of flame (36/48)
 D - a wand of flame (13/48)
Scrolls
 j - 2 scrolls of fog
 l - 5 scrolls of teleportation
 s - 3 scrolls of remove curse
 I - a scroll of immolation {unknown}
Potions
 a - 3 potions of curing
 g - 3 potions of haste
 h - 5 potions of flight
 k - 3 potions of lignification
 n - 2 potions of might
 r - 2 potions of magic
 x - 3 potions of cure mutation
 E - a potion of mutation {unknown}
 F - 2 potions of agility {unknown}
Comestibles
 f - 12 bread rations
 m - 11 beef jerkies
 t - a royal jelly
 u - 5 fruits
 w - a meat ration
 B - a slice of pizza
 G - 3 chunks of flesh


   Skills:
 + Level 8.8 Fighting
 - Level 3.6 Throwing
 - Level 1.5 Dodging
 - Level 0.4 Stealth
 + Level 12.4 Unarmed Combat


You had 9 spell levels left.
You didn't know any spells.

Dungeon Overview and Level Annotations

Branches:
Dungeon (10/15)            Temple (1/1) D:4
   Lair: D:8-11         Orc: D:9-12

Altars:
Dithmenos
Elyvilon
Fedhas
Kikubaaqudgha
Makhleb
Okawaru
Qazlal
Ru
Vehumet
Xom
The Shining One

Shops:
D:4 [   D:9 (


Innate Abilities, Weirdness & Mutations

You are too large for most types of armour.
You have claws for hands.
Your metabolism is lightning-fast.
You like to eat raw meat.
You heal very quickly.
You are covered in fur (AC +1).
You have very tough skin (AC +2).


Message History

The centaur is almost dead.
The wyvern bites you!
* * * LOW HITPOINT WARNING * * *
The centaur hits you!
* * * LOW HITPOINT WARNING * * *
The river rat bites the fungus!
Drink which item? (? for menu, Esc to quit)
Okay, then.
Read which item? (? for menu, Esc to quit)
Okay, then.
You mangle the centaur!!
You kill the centaur!
Okawaru accepts your kill. The wyvern bites you.
* * * LOW HITPOINT WARNING * * *
The river rat bites the fungus.
Drink which item? (? for menu, Esc to quit)
Okay, then.
The wyvern bites you!
You die... .# . #.#### # .P #.#....#.# .PP #.#.#..... rP..

##.#.#.....
PP...###..........
.P................
#)l(....#....
#$.@(††..#
#.#..(.#.#
#.###<.(.#
#.....#......
#####......##
######.# #


You could see a wyvern.

Vanquished Creatures
  Pikel (D:6)
  A deep elf mage (D:7)
  The ghost of namelastname112 the Covert, a novice VSAs (D:5)
  The ghost of namelastname112 the Sneak, a novice VSAs of Dithmenos (Ossuary)
  Grinder (D:5)
  A troll (D:9)
  A wyvern (D:8)
  2 steam dragons (D:5)
  Duvessa (D:4)
  3 ice beasts
  4 orc warriors (D:9)
  2 slaves (D:6)
  An ogre (D:7)
  2 phantoms
  A necrophage (D:8)
  3 centaurs
  An elf zombie (Ossuary)
  Blork the orc (D:5)
  7 giant frogs
  A wyvern zombie (D:9)
  4 scorpions
  A water moccasin skeleton (D:4)
  Dowan (D:4)
  3 killer bees (D:8)
  5 wights (D:7)
  6 howler monkeys
  5 crimson imps
  A giant frog zombie (D:6)
  A centaur zombie (D:7)
  A giant frog skeleton (D:5)
  2 human zombies (Ossuary)
  3 orc priests
  6 hounds
  A jelly (D:8)
  7 orc wizards
  An iguana (D:5)
  Ijyb (D:2)
  Terence (D:2)
  8 worker ants
  4 big kobold zombies (Ossuary)
  5 hound zombies
  3 mummies (Ossuary)
  Robin (D:4)
  11 adders
  3 gnolls (D:7)
  2 shadow imps
  An ooze (D:1)
  4 adder zombies
  An adder skeleton (D:7)
  4 worms
  2 dart slugs
  3 giant geckos
  34 orcs
  3 ball pythons
  7 bats
  4 giant cockroaches
  14 goblins
  15 hobgoblins
  4 jackals (D:4)
  8 kobolds
  4 quokkas
  A giant gecko zombie (D:7)
  6 giant newts
  A gnoll zombie (Ossuary)
  A goblin zombie (Ossuary)
  6 hobgoblin zombies (Ossuary)
  3 jackal zombies
  5 kobold zombies (Ossuary)
  2 orc zombies (Ossuary)
  3 quokka zombies (Ossuary)
  6 rats
  2 rat zombies (Ossuary)
  A fungus (D:6)
268 creatures vanquished.

Notes
Turn   | Place    | Note
--------------------------------------------------------------
     0 | D:1      | Ijustatesigmund the Troll Hunter began the quest for the Orb.
     0 | D:1      | Reached XP level 1. HP: 19/19 MP: 0/0
    12 | D:1      | Reached skill level 1 in Unarmed Combat
   134 | D:1      | Reached XP level 2. HP: 23/27 MP: 1/1
   140 | D:1      | Reached skill level 2 in Unarmed Combat
   357 | D:1      | Reached XP level 3. HP: 33/33 MP: 2/2
   566 | D:2      | Noticed Terence
   568 | D:2      | Killed Terence
   568 | D:2      | Reached skill level 3 in Unarmed Combat
   652 | D:2      | Noticed Ijyb
   668 | D:2      | Killed Ijyb
   668 | D:2      | Reached skill level 4 in Unarmed Combat
   668 | D:2      | Reached XP level 4. HP: 38/41 MP: 1/3
  1255 | D:3      | Reached XP level 5. HP: 46/48 MP: 4/4
  1472 | D:3      | Found a white marble altar of Elyvilon.
  1624 | D:3      | Reached skill level 5 in Unarmed Combat
  1911 | D:4      | Noticed Dowan
  1912 | D:4      | Noticed Duvessa
  1922 | D:4      | Killed Dowan
  1922 | D:4      | Reached skill level 6 in Unarmed Combat
  1922 | D:4      | Reached XP level 6. HP: 38/55 MP: 5/5
  1939 | D:4      | Killed Duvessa
  1990 | D:4      | Reached skill level 7 in Unarmed Combat
  2024 | D:4      | Found a shadowy altar of Dithmenos.
  2026 | D:4      | Found Iwnot's Armour Shop.
  2061 | D:4      | Reached XP level 7. HP: 62/62 MP: 6/6
  2174 | D:4      | Found a sand-covered staircase.
  2175 | D:4      | Noticed Robin
  2194 | Ossuary  | Entered an ossuary
  2248 | Ossuary  | Noticed namelastname112's ghost (novice VSAs)
  2258 | Ossuary  | Killed namelastname112's ghost
  2258 | Ossuary  | Reached skill level 8 in Unarmed Combat
  2482 | Ossuary  | Reached XP level 8. HP: 75/75 MP: 7/7
  2611 | D:4      | Killed Robin
  2716 | D:4      | Found a staircase to the Ecumenical Temple.
  2723 | Temple   | Entered the Ecumenical Temple
  2746 | Temple   | Became a worshipper of Warmaster Okawaru
  3413 | D:5      | Entered Level 5 of the Dungeon
  3423 | D:5      | Reached skill level 9 in Unarmed Combat
  3573 | D:5      | Noticed Grinder
  3584 | D:5      | Paralysed by Grinder for 2 turns
  3588 | D:5      | Killed Grinder
  3706 | D:5      | Noticed Blork the orc
  3712 | D:5      | Killed Blork the orc
  3712 | D:5      | Reached skill level 5 in Fighting
  3755 | D:5      | Found an ancient bone altar of Kikubaaqudgha.
  3779 | D:5      | Reached * piety under Okawaru
  3824 | D:5      | Noticed namelastname112's ghost (novice VSAs)
  3828 | D:5      | Killed namelastname112's ghost
  3828 | D:5      | Reached skill level 10 in Unarmed Combat
  3828 | D:5      | Reached XP level 9. HP: 85/88 MP: 6/8
  4400 | D:6      | Reached ** piety under Okawaru
  4564 | D:6      | Got a dazzling hat
  4570 | D:6      | Identified the cursed +0 hat "Boutibla" {rF+ rC- rCorr Str+2} (You found it on level 6 of the Dungeon)
  4815 | D:6      | Noticed Pikel
  4828 | D:6      | Killed Pikel
  4828 | D:6      | Reached *** piety under Okawaru
  4828 | D:6      | Reached skill level 11 in Unarmed Combat
  4900 | D:6      | Found a sacrificial altar of Ru.
  5007 | D:7      | Reached XP level 10. HP: 81/102 MP: 6/9
  5171 | D:7      | Found a glowing golden altar of the Shining One.
  5415 | D:7      | Found a shimmering altar of Xom.
  5435 | D:7      | Found a shimmering altar of Xom.
  5435 | D:7      | Found a shimmering altar of Xom.
  5436 | D:7      | Found a shimmering altar of Xom.
  5437 | D:7      | Found a shimmering altar of Xom.
  5437 | D:7      | Found a shimmering altar of Xom.
  5437 | D:7      | Found a shimmering altar of Xom.
  5447 | D:7      | Found a shimmering altar of Xom.
  5455 | D:7      | Noticed a deep elf mage
  5463 | D:7      | Killed a deep elf mage
  5584 | D:7      | Noticed a harpy
  5584 | D:7      | a human changed into a harpy
  5688 | D:7      | Noticed an octopode
  5688 | D:7      | Noticed an elephant
  5688 | D:7      | an octopode changed into an elephant
  5777 | D:7      | Reached **** piety under Okawaru
  6012 | D:8      | Reached skill level 12 in Unarmed Combat
  6643 | D:9      | Found a radiant altar of Vehumet.
  6742 | D:9      | Found Veucauf's Antique Weapon Shoppe.
  6887 | D:9      | Found a blossoming altar of Fedhas.
  6897 | D:9      | Received a gift from Okawaru
  7098 | D:9      | Found a stormy altar of Qazlal.
  7375 | D:10     | Entered Level 10 of the Dungeon
  7395 | D:10     | HP: 5/106 [centaur (9)]
  7397 | D:10     | Slain by a wyvern

Vault maps used:
D:1:      lightli_arrival_chessboard
D:2:      kennysheep_generic_room_5, uniq_iyjb, uniq_terence
D:3:      elyvilon_altar_3
D:4:      nicolae_dithmenos_shadow_blocks, minmay_temple_entry_overgrown,
          first_bread, serial_shops, shop, chequers_ossuary_entry_cave,
          uniq_robin, uniq_duvessa
D:5:      kennysheep_steamy, kiku_gazebo_pond_becter, uniq_grinder,
          uniq_blork_the_orc
D:6:      nicolae_ru_the_path_less_chosen, uniq_pikel
D:7:      xom_shifter_show, lemuel_doored_altar, grunt_ogre_cave,
          serial_bayou_pond_e
D:9:      vehumet_altar_wand_db, lemuel_coloured_pillars_altar, basic_altar,
          serial_shops, shop, grunt_ministairs_9
D:10:     due_lair_maze_entry_diamond, erik_orc_1
Temple:   chambers_temple_12
Ossuary:  minmay_ossuary_two_tombs

Skill      XL: |  1  2  3  4  5  6  7  8  9 10 |
---------------+-------------------------------+-----
Unarmed Combat | 1 2 4 6 7 8 10 11 12 | 12.4
Fighting       | 3 5 7 8 |  8.8
Throwing       | |  3.6
Dodging        | |  1.5
Stealth        | |  0.4

Action                   |  1- 3 |  4- 6 |  7- 9 | 10-12 || total
-------------------------+-------+-------+-------+-------++-------
Melee: Unarmed           |    92 |   138 |   388 |   190 ||   808
       Punch             |       |     5 |    20 |    17 ||    42
Throw: Large rock        |     2 |     1 |     4 |     2 ||     9
       Throwing net      |       |     2 |       |     1 ||     3
Invok: Heroism           |       |       |     1 |     2 ||     3
  Use: Scroll            |     3 |     4 |     7 |     4 ||    18
       Potion            |       |     1 |     1 |       ||     2
 Stab: Sleeping          |       |     3 |       |     1 ||     4
  Eat: Chunk             |    12 |    12 |    27 |    22 ||    73
Armor: Robe              |    36 |    39 |    99 |    31 ||   205
       Skin              |       |     8 |       |       ||     8
       Troll hide        |       |       |       |    10 ||    10
Dodge: Dodged            |    47 |    58 |   178 |    82 ||   365
